 Dungeon Crawl Stone Soup version 0.30.1-11-g7821555f0a (webtiles) character file.

Game seed: 5947559018589078779

32 KittyFluff the Trooper (level 3, -3/23 HPs)
             Began as a Gargoyle Berserker on Oct 30, 2023.
             Was a Follower of Trog.
             Slain by a gnoll
             ... wielding a +0 flail
              (9 damage)
             ... on level 2 of the Dungeon.
             The game lasted 00:03:38 (846 turns).

KittyFluff the Trooper (Gargoyle Berserker)          Turns: 846, Time: 00:03:39

Health: -3/23      AC:  7    Str: 22    XL:     3   Next: 25%
Magic:  3/3        EV: 11    Int:  7    God:    Trog [*.....]
Gold:   52         SH:  2    Dex:  9    Spells: 2/2 levels left

rFire   + . .        a - +0 mace
rCold   . . .        d - +0 buckler
rNeg    + . .        c - +0 leather armour
rPois   ∞            (no helmet)
rElec   +            (no cloak)
rCorr   .            h - +0 pair of gloves
SInv    .            (no boots)
Will    .....        (no amulet)
Stlth   +            j - ring of protection from fire
HPRegen 0.23/turn    (no ring)
MPRegen 0.08/turn

%: no passive effects
@: no status effects
A: sickness immunity, AC +3, negative energy resistance 1, electricity
resistance, torment resistance 1, petrification resistance
a: Renounce Religion, Berserk


You were on level 2 of the Dungeon.
You worshipped Trog.
Trog was aware of your devotion.
You visited 1 branch of the dungeon, and saw 2 of its levels.

You collected 52 gold pieces.

Inventory:

Hand Weapons
 a - a +0 mace (weapon)
Armour
 c - a +0 leather armour (worn)
 d - a +0 buckler (worn)
 h - a +0 pair of gloves (worn)
Jewellery
 j - a ring of protection from fire (left hand)
Scrolls
 b - 2 scrolls of identify {unknown}
 e - a scroll of noise {unknown}
 m - a scroll of immolation {unknown}
Potions
 f - a potion of might {unknown}
 g - a potion of curing {unknown}
 i - a potion of degeneration {unknown}
 k - a potion of invisibility {unknown}
 l - a potion of magic {unknown}


   Skills:
 + Level 3.5 Fighting
 * Level 3.4 Maces & Flails
 * Level 2.8 Armour
 + Level 1.9 Dodging


You had 2 spell levels left.
You didn't know any spells.
Your spell library was empty.

Dungeon Overview and Level Annotations

Branches:
Dungeon (2/15)

Altars:


Innate Abilities, Weirdness & Mutations

You are immune to sickness and miasma.
Your stone body is resilient. (AC +3)
You are immune to poison.
You resist negative energy. (rN+)
You are resistant to electric shocks. (rElec)
You are resistant to unholy torment.
You are immune to petrification.


Message History

The kobold moves out of view.
You closely miss the kobold. The kobold closely misses you.
You miss the kobold. The kobold hits you but does no damage.
The kobold closely misses you.
You closely miss the kobold. The kobold hits you but does no damage.
You hit the kobold.
You kill the kobold!
Trog accepts your kill.
Things that are here:
a +0 short sword; a kobold corpse
There is a fountain of clear blue water here.
You see here a frilled lizard corpse.
Found 13 gold pieces.
You now have 52 gold pieces (gained 13). 2 gnolls come into view.
The gnoll shouts!
A gnoll comes into view. It is wielding a +0 flail.
The gnoll hits you with a +0 club.
You barely miss the gnoll. You thump the gnoll!
The gnoll is severely wounded.
The gnoll hits you with a +4 whip.
You thump the gnoll!
You kill the gnoll!
Trog accepts your kill.
You have reached level 3!
Your experience leads to an increase in your attributes!
Increase (S)trength, (I)ntelligence, or (D)exterity?
You feel stronger. x2
You hit the gnoll.
The gnoll is moderately wounded.
The gnoll hits you with a +0 flail.
You hit the gnoll but do no damage.
The gnoll is moderately wounded.
The gnoll hits you with a +0 flail.
* * * LOW HITPOINT WARNING * * *
You barely miss the gnoll.
The gnoll is moderately wounded.
The gnoll hits you with a +0 flail!
You die...

#......#
#####
##.##### #.#
#.# #.# #.#
### #.# ...#
#.#####....#
#....@gg...+
#######....#
..... ....
... ##


You could see 2 gnolls.

Vanquished Creatures
  A gnoll (D:2)
  5 ball pythons (D:1)
  An endoplasm (D:1)
  2 giant cockroaches (D:1)
  2 goblins (D:1)
  A hobgoblin (D:1)
  A quokka (D:1)
  3 bats (D:1)
  A frilled lizard (D:2)
  3 kobolds
  2 rats (D:1)
22 creatures vanquished.

Notes
Turn   | Place    | Note
-------+----------+-------------------------------------------
     0 | D:1      | KittyFluff the Gargoyle Berserker began the quest for the
                  | Orb.
     0 | D:1      | Reached XP level 1. HP: 14/14 MP: 1/1
   180 | D:1      | Reached XP level 2. HP: 19/19 MP: 2/2
   844 | D:2      | Reached XP level 3. HP: 13/23 MP: 3/3
   846 | D:2      | Slain by a gnoll

Illustrated notes

Levels and vault maps discovered:
D:1:      dpeg_arrival_houses_and_road, layout_basic, minmay_crystal_room,
          minmay_pentomino_v4
D:2:      layout_basic, nicolae_elevator_lobby_asterisk

Action                     || total
---------------------------++-------
  Melee: Mace              ||    64
 Armour: Leather armour    ||    21
         Animal skin       ||     2
  Dodge: Dodged            ||    44
  Block: Buckler           ||     4
